| TOP OF THE 1ST |
|
Chester Pirates batting - Pitching for Paris Cubs : RHP Joshua Vincent
|
|
Pitching: RHP Joshua Vincent
|
|
|
Batting: RHB Rusty Trader
|
0-0: Ball 1-0: Swinging Strike 1-1: Ball 2-1: Ball 3-1: Foul Ball, location: 2F 3-2: Foul Ball, location: 2F 3-2: Strikes out swinging
|
|
Batting: LHB Chad Cutler
|
0-0: Foul Ball, location: 2F 0-1: Ball 1-1: Foul Ball, location: 2F 1-2: Fly out, F9 (Flyball, 9LD, EV 96.2 MPH)
|
|
Batting: RHB Dan Kurtz
|
0-0: SINGLE (Groundball, 56, EV 110.0 MPH)
|
|
Batting: RHB Hector Barajas
|
0-0: Fly out, F9 (Flyball, 9LM, EV 94.4 MPH)
|
| Top of the 1st over - 0 runs, 1 hit, 0 errors, 1 left on base; Chester 0 - Paris 0 |
| BOTTOM OF THE 1ST |
|
Paris Cubs batting - Pitching for Chester Pirates : RHP Mike Wilkinson
|
|
Pitching: RHP Mike Wilkinson
|
|
|
Batting: RHB Dan Orozco
|
0-0: Ball 1-0: Ball 2-0: Called Strike 2-1: Foul Ball, location: 2F 2-2: Ball 3-2: Foul Ball, location: 2F 3-2: Base on Balls
|
|
Batting: RHB Dave de Wolff
|
0-0: Ball Dan Orozco steals 2nd base 1-0: Called Strike 1-1: Ball 2-1: 2-RUN HOME RUN (Line Drive, 7LD, EV 98.8 MPH), Distance : 367 ft
|
|
Batting: RHB Jorge Lagunas
|
0-0: Ball 1-0: Ground out 4-3 (Groundball, 4M, EV 88.8 MPH)
|
|
Batting: SHB Jim Lloyd
|
0-0: Ball 1-0: Swinging Strike 1-1: Ground out U3 (Groundball, 3, EV 91.2 MPH)
|
|
Batting: RHB Mike Stein
|
0-0: Fly out, F8 (Line Drive, 8RS, EV 89.4 MPH)
|
| Bottom of the 1st over - 2 runs, 1 hit, 0 errors, 0 left on base; Chester 0 - Paris 2 |
| TOP OF THE 2ND |
|
Chester Pirates batting - Pitching for Paris Cubs : RHP Joshua Vincent
|
|
Batting: RHB Ricky Alvarado
|
0-0: Foul Ball, location: 2F 0-1: Foul Ball, location: 2F 0-2: Foul Ball, location: 2F 0-2: Strikes out swinging
|
|
Batting: LHB Kazuyoshi Ikeda
|
0-0: Ball 1-0: Called Strike 1-1: Called Strike 1-2: Fly out, F7 (Flyball, 7D, EV 98.1 MPH)
|
|
Batting: RHB Jon Solis
|
0-0: Ball 1-0: Called Strike 1-1: Called Strike 1-2: Strikes out swinging
|
| Top of the 2nd over - 0 runs, 0 hits, 0 errors, 0 left on base; Chester 0 - Paris 2 |
| BOTTOM OF THE 2ND |
|
Paris Cubs batting - Pitching for Chester Pirates : RHP Mike Wilkinson
|
|
Batting: RHB Bartolo Aguilar
|
0-0: Called Strike 0-1: Swinging Strike 0-2: Ball 1-2: Strikes out looking
|
|
Batting: RHB Jorge Gonzalez
|
0-0: Foul Ball, location: 2F 0-1: Foul Ball, location: 2F 0-2: Ball 1-2: Ball 2-2: Ball 3-2: Ground out 6-3 (Groundball, 6, EV 88.1 MPH)
|
|
Batting: RHB Willie Rubio
|
0-0: Swinging Strike 0-1: Ball 1-1: Called Strike 1-2: Strikes out swinging
|
| Bottom of the 2nd over - 0 runs, 0 hits, 0 errors, 0 left on base; Chester 0 - Paris 2 |
| TOP OF THE 3RD |
|
Chester Pirates batting - Pitching for Paris Cubs : RHP Joshua Vincent
|
|
Batting: RHB Rafael Galicia
|
0-0: Ball 1-0: Called Strike 1-1: Ground out 3-1 (Groundball, 34S, EV 85.0 MPH)
|
|
Batting: LHB Damien Cohen
|
0-0: Called Strike 0-1: Called Strike 0-2: Ball 1-2: Ball 2-2: Foul Ball, location: 2F 2-2: Strikes out swinging
|
|
Batting: RHB Rusty Trader
|
0-0: Ball 1-0: SINGLE (Groundball, 6MD, EV 98.8 MPH)
|
|
Batting: LHB Chad Cutler
|
0-0: Ball 1-0: Foul Ball, location: 2F 1-1: Ball 2-1: Ball 3-1: Swinging Strike 3-2: Strikes out swinging
|
| Top of the 3rd over - 0 runs, 1 hit, 0 errors, 1 left on base; Chester 0 - Paris 2 |
| BOTTOM OF THE 3RD |
|
Paris Cubs batting - Pitching for Chester Pirates : RHP Mike Wilkinson
|
|
Batting: RHB Steve Vint
|
0-0: Ball 1-0: Foul Ball, location: 2F 1-1: Ball 2-1: Ball 3-1: Ground out 6-3 (Groundball, 56, EV 79.4 MPH)
|
|
Batting: RHB Dan Orozco
|
0-0: Ball 1-0: SOLO HOME RUN (Flyball, 7D, EV 95.6 MPH), Distance : 381 ft
|
|
Batting: RHB Dave de Wolff
|
0-0: Ball 1-0: Ball 2-0: Called Strike 2-1: Foul Ball, location: 2F 2-2: Ball 3-2: Base on Balls
|
|
Batting: RHB Jorge Lagunas
|
0-0: Grounds into double play, 6-4-3 (Groundball, 56, EV 81.9 MPH)
|
| Bottom of the 3rd over - 1 run, 1 hit, 0 errors, 0 left on base; Chester 0 - Paris 3 |
| TOP OF THE 4TH |
|
Chester Pirates batting - Pitching for Paris Cubs : RHP Joshua Vincent
|
|
Batting: RHB Dan Kurtz
|
0-0: Called Strike 0-1: Fly out, F9 (Flyball, 89D, EV 97.5 MPH)
|
|
Batting: RHB Hector Barajas
|
0-0: Ball 1-0: Ball 2-0: Fly out, F9 (Flyball, 9S, EV 88.1 MPH)
|
|
Batting: RHB Ricky Alvarado
|
0-0: Ball 1-0: Ball 2-0: Called Strike 2-1: Ball 3-1: SINGLE (Line Drive, 34D, EV 96.2 MPH)
|
|
Batting: LHB Kazuyoshi Ikeda
|
0-0: Ground out 4-3 (Groundball, 4, EV 96.9 MPH)
|
| Top of the 4th over - 0 runs, 1 hit, 0 errors, 1 left on base; Chester 0 - Paris 3 |
| BOTTOM OF THE 4TH |
|
Paris Cubs batting - Pitching for Chester Pirates : RHP Mike Wilkinson
|
|
Batting: SHB Jim Lloyd
|
0-0: Ball 1-0: Fly out, F9 (Flyball, 89M, EV 88.8 MPH)
|
|
Batting: RHB Mike Stein
|
0-0: Swinging Strike 0-1: Ball 1-1: Foul Ball, location: 2F 1-2: Strikes out swinging
|
|
Batting: RHB Bartolo Aguilar
|
0-0: Called Strike 0-1: Foul Ball, location: 2F 0-2: Strikes out swinging
|
| Bottom of the 4th over - 0 runs, 0 hits, 0 errors, 0 left on base; Chester 0 - Paris 3 |
| TOP OF THE 5TH |
|
Chester Pirates batting - Pitching for Paris Cubs : RHP Joshua Vincent
|
|
Batting: RHB Jon Solis
|
0-0: Fly out, F8 (Flyball, 8RD, EV 105.0 MPH)
|
|
Batting: RHB Rafael Galicia
|
0-0: Ball 1-0: Fly out, F9 (Flyball, 9D, EV 86.2 MPH)
|
|
Batting: LHB Damien Cohen
|
0-0: Ball 1-0: Foul Ball, location: 2F 1-1: Swinging Strike 1-2: Strikes out swinging
|
| Top of the 5th over - 0 runs, 0 hits, 0 errors, 0 left on base; Chester 0 - Paris 3 |
| BOTTOM OF THE 5TH |
|
Paris Cubs batting - Pitching for Chester Pirates : RHP Mike Wilkinson
|
|
Batting: RHB Jorge Gonzalez
|
0-0: SOLO HOME RUN (Line Drive, 7D, EV 101.2 MPH), Distance : 387 ft
|
|
Batting: RHB Willie Rubio
|
0-0: Ball 1-0: Called Strike 1-1: Called Strike 1-2: Foul Ball, location: 2F 1-2: Ball 2-2: Foul Ball, location: 2F 2-2: Ball 3-2: Ground out 6-3 (Groundball, 6, EV 81.9 MPH)
|
|
Batting: RHB Steve Vint
|
0-0: Ball 1-0: SINGLE (Line Drive, 78M, EV 91.9 MPH)
|
|
Batting: RHB Dan Orozco
|
0-0: Ball 1-0: Ball 2-0: Called Strike 2-1: Foul Ball, location: 2F 2-2: Strikes out swinging
|
|
Batting: RHB Dave de Wolff
|
0-0: Ball 1-0: Fly out, F7 (Flyball, 7, EV 95.0 MPH)
|
| Bottom of the 5th over - 1 run, 2 hits, 0 errors, 1 left on base; Chester 0 - Paris 4 |
| TOP OF THE 6TH |
|
Chester Pirates batting - Pitching for Paris Cubs : RHP Joshua Vincent
|
|
Batting: RHB Rusty Trader
|
0-0: Ball 1-0: Called Strike 1-1: Foul Ball, location: 2F 1-2: Foul Ball, location: 2F 1-2: Strikes out swinging
|
|
Batting: LHB Chad Cutler
|
0-0: Called Strike 0-1: Swinging Strike 0-2: Ball 1-2: Strikes out swinging
|
|
Batting: RHB Dan Kurtz
|
0-0: Ball 1-0: Called Strike 1-1: SINGLE (Groundball, 6MD, EV 94.4 MPH)
|
|
Batting: RHB Hector Barajas
|
0-0: Called Strike 0-1: Ball Dan Kurtz is caught stealing 2nd base 2-4
|
| Top of the 6th over - 0 runs, 1 hit, 0 errors, 0 left on base; Chester 0 - Paris 4 |
| BOTTOM OF THE 6TH |
|
Paris Cubs batting - Pitching for Chester Pirates : RHP Mike Wilkinson
|
|
Pitching: LHP Juan Hernandez
|
|
|
Batting: RHB Jorge Lagunas
|
0-0: Called Strike 0-1: Ball 1-1: Foul Ball, location: 2F 1-2: Foul Ball, location: 2F 1-2: Strikes out swinging
|
|
Batting: SHB Jim Lloyd
|
0-0: Ball 1-0: Fly out, F7 (Flyball, 78S, EV 77.5 MPH)
|
|
Batting: RHB Mike Stein
|
0-0: Foul Ball, location: 2F 0-1: Swinging Strike 0-2: Ball 1-2: Foul Ball, location: 2F 1-2: Strikes out looking
|
| Bottom of the 6th over - 0 runs, 0 hits, 0 errors, 0 left on base; Chester 0 - Paris 4 |
| TOP OF THE 7TH |
|
Chester Pirates batting - Pitching for Paris Cubs : RHP Joshua Vincent
|
|
Batting: RHB Hector Barajas
|
0-0: Called Strike 0-1: Ball 1-1: Called Strike 1-2: SOLO HOME RUN (Flyball, 7D, EV 101.2 MPH), Distance : 376 ft
|
|
Batting: RHB Ricky Alvarado
|
0-0: Ball 1-0: Called Strike 1-1: Ball 2-1: Called Strike 2-2: Ball 3-2: Strikes out swinging
|
|
Batting: LHB Kazuyoshi Ikeda
|
0-0: Ball 1-0: Foul Ball, location: 2F 1-1: Ball 2-1: Fly out, F7 (Flyball, 78M, EV 94.4 MPH)
|
|
Batting: RHB Jon Solis
|
0-0: Foul Ball, location: 2F 0-1: Ball 1-1: Ball 2-1: Called Strike 2-2: Foul Ball, location: 2F 2-2: Ball 3-2: Foul Ball, location: 2F 3-2: Base on Balls
|
|
Batting: RHB Rafael Galicia
|
0-0: Ball 1-0: Ball 2-0: Ball 3-0: Base on Balls Jon Solis to second
|
|
Batting: LHB Damien Cohen
|
0-0: Swinging Strike 0-1: Ball 1-1: Called Strike 1-2: Strikes out swinging
|
| Top of the 7th over - 1 run, 1 hit, 0 errors, 2 left on base; Chester 1 - Paris 4 |
| BOTTOM OF THE 7TH |
|
Paris Cubs batting - Pitching for Chester Pirates : LHP Juan Hernandez
|
|
Batting: RHB Bartolo Aguilar
|
0-0: Ball 1-0: Ball 2-0: Ball 3-0: Base on Balls
|
|
Batting: RHB Jorge Gonzalez
|
0-0: Ball 1-0: Ball 2-0: Foul Ball, location: 2F 2-1: Ball 3-1: Called Strike 3-2: Strikes out swinging
|
|
Batting: RHB Willie Rubio
|
0-0: Called Strike 0-1: DOUBLE (Flyball, 8RD, EV 95.0 MPH) Bartolo Aguilar to third
|
|
Batting: RHB Steve Vint
|
0-0: Foul Ball, location: 2F 0-1: Ball 1-1: Ball 2-1: Called Strike 2-2: Foul Ball, location: 2F 2-2: 3-RUN HOME RUN (Line Drive, 7D, EV 98.1 MPH), Distance : 400 ft
|
|
Batting: RHB Dan Orozco
|
0-0: Ground out U3 (Groundball, 34, EV 80.6 MPH)
|
|
Batting: RHB Dave de Wolff
|
0-0: Ball 1-0: Called Strike 1-1: Fly out, F8 (Flyball, 8RD, EV 103.8 MPH)
|
| Bottom of the 7th over - 3 runs, 2 hits, 0 errors, 0 left on base; Chester 1 - Paris 7 |
| TOP OF THE 8TH |
|
Chester Pirates batting - Pitching for Paris Cubs : RHP Joshua Vincent
|
|
Batting: RHB Rusty Trader
|
0-0: Ball 1-0: Called Strike 1-1: Ball 2-1: Foul Ball, location: 2F 2-2: Ball 3-2: Strikes out looking
|
|
Batting: LHB Chad Cutler
|
0-0: Ball 1-0: Called Strike 1-1: Swinging Strike 1-2: Strikes out swinging, 2-3 out at first.
|
|
Batting: RHB Dan Kurtz
|
0-0: Ball 1-0: Called Strike 1-1: Ball 2-1: Foul Ball, location: 2F 2-2: Ground out 5-3 (Groundball, 5, EV 103.1 MPH)
|
| Top of the 8th over - 0 runs, 0 hits, 0 errors, 0 left on base; Chester 1 - Paris 7 |
| BOTTOM OF THE 8TH |
|
Paris Cubs batting - Pitching for Chester Pirates : LHP Juan Hernandez
|
|
Batting: RHB Jorge Lagunas
|
0-0: Called Strike 0-1: Called Strike 0-2: Ball 1-2: Foul Ball, location: 2F 1-2: Strikes out swinging
|
|
Pitching: RHP Pete Griesser
|
|
|
Batting: SHB Jim Lloyd
|
0-0: Ball 1-0: Ball 2-0: Foul Ball, location: 2F 2-1: Ball 3-1: Called Strike 3-2: Strikes out swinging
|
|
Batting: RHB Mike Stein
|
0-0: Ball 1-0: Foul Ball, location: 2F 1-1: Called Strike 1-2: Foul Ball, location: 2F 1-2: DOUBLE (Line Drive, 9LS, EV 99.4 MPH)
|
|
Batting: RHB Bartolo Aguilar
|
0-0: Called Strike 0-1: Ground out 6-3 (Groundball, 6, EV 93.8 MPH)
|
| Bottom of the 8th over - 0 runs, 1 hit, 0 errors, 1 left on base; Chester 1 - Paris 7 |
| TOP OF THE 9TH |
|
Chester Pirates batting - Pitching for Paris Cubs : RHP Joshua Vincent
|
|
Batting: RHB Hector Barajas
|
0-0: Ball 1-0: Called Strike 1-1: Ball 2-1: SOLO HOME RUN (Flyball, 7LD, EV 98.1 MPH), Distance : 364 ft
|
|
Batting: RHB Ricky Alvarado
|
0-0: Ball 1-0: Swinging Strike 1-1: Swinging Strike 1-2: Strikes out swinging
|
|
Batting: LHB Kazuyoshi Ikeda
|
0-0: Called Strike 0-1: SINGLE (Groundball, 34S, EV 55.0 MPH) (infield hit)
|
|
Batting: RHB Jon Solis
|
0-0: Ball 1-0: Foul Ball, location: 2F 1-1: Ball 2-1: Swinging Strike 2-2: Strikes out swinging
|
|
Batting: RHB Rafael Galicia
|
0-0: Called Strike 0-1: Foul Ball, location: 2F 0-2: Strikes out swinging
|
| Top of the 9th over - 1 run, 2 hits, 0 errors, 1 left on base; Chester 2 - Paris 7 |
|